 Seeded DCSS version 0.27.1-2-g3b301248ec (webtiles) character file.

Game seed: 14036611466628663890 (custom seed)

0 donath the Skirmisher (level 1, 0/16 HPs)
             Began as an Octopode Abyssal Knight on Sept 28, 2021.
             Was a Follower of Lugonu.
             Slain by an ufetubus (2 damage)
             ... summoned by a ynoxinul
             ... on level 1 of the Abyss.
             The game lasted 00:00:33 (79 turns).

donath the Skirmisher (Octopode Abyssal Knight)       Turns: 79, Time: 00:00:34

Health: 0/16       AC:  1    Str: 11    XL:     1   Next: 0%
Magic:  2/2        EV: 13    Int: 14    God:    Lugonu [*.....]
Gold:   0          SH:  0    Dex: 11    Spells: 0/0 levels left

rFire    . . .     SeeInvis .   a - +1 spear
rCold    . . .     Faith    .   (no shield)
rNeg     . . .     Spirit   .   (helmet restricted)
rPois    .         Reflect  .   (no amulet)
rElec    .         Harm     .   (no ring)
rCorr    .         Rampage  .   (no ring)
Will     .....                  (no ring)
Stlth    ++........             (no ring)
HPRegen  0.05/turn              (no ring)
MPRegen  0.08/turn              (no ring)
                                (no ring)
                                (no ring)

@: no status effects
A: almost no armour, amphibious, 8 rings, camouflage 1, gelatinous body 1,
(nimble swimmer 1), tentacles
a: Renounce Religion, Depart the Abyss


You were on level 1 of the Abyss.
You worshipped Lugonu.
Lugonu was aware of your devotion.
You visited 0 branches of the dungeon, and saw 0 of its levels.
You visited the Abyss 1 time.

Inventory:

Hand Weapons
 a - a +1 spear (weapon)
Scrolls
 b - a scroll of magic mapping {unknown}
 c - a scroll of brand weapon {unknown}


   Skills:
 + Level 3.0 Fighting
 + Level 2.0 Polearms
 + Level 2.3 Dodging
 + Level 2.0 Invocations


You couldn't memorise any spells.
You didn't know any spells.
Your spell library was empty.

Dungeon Overview and Level Annotations

Branches:
Dungeon (0/15)

Altars:


Innate Abilities, Weirdness & Mutations

You cannot wear most types of armour.
You are amphibious.
You can wear up to eight rings at the same time.
Your skin changes colour to match your surroundings (Stealth+).
Your rubbery body absorbs attacks. (AC +1, EV +1)
((You are camouflaged near water. (Stealth+)))
You have tentacles for arms and can constrict up to eight enemies at once.


Message History

Found a scroll labelled ENAORU MEPNERU.
Found a gateway leading out of the Abyss.
Found a gateway leading deeper into the Abyss.
b - a scroll labelled ENAORU MEPNERU
Found a scroll labelled JOFYPPO PUIJU.
Found 9 gold pieces.
A large abomination comes into view.
Found 7 gold pieces.
You see here a scroll labelled JOFYPPO PUIJU.
c - a scroll labelled JOFYPPO PUIJU A ynoxinul comes into view.
The ynoxinul bellows!
A will-o-the-wisp comes into view.
The will-o-the-wisp gives a chilling moan.
The ynoxinul gestures.
The will-o-the-wisp gestures.
The will-o-the-wisp conjures some foxfire!
Found a dagger.
The ynoxinul gestures.
Found 4 gold pieces.
The ynoxinul gestures.
The ufetubus hits you. x2
You see here 4 gold pieces.
The ufetubus misses you. The ufetubus closely misses you.
The will-o-the-wisp gestures.
The will-o-the-wisp conjures some foxfire!
A foxfire comes into view.
The ufetubus barely misses you. x2
The ufetubus hits you. The ufetubus misses you.
The ufetubus closely misses you. x2
The ufetubus misses you. x2
The ufetubus barely misses you. The ufetubus hits you.
The ufetubus closely misses you. The ufetubus misses you.
The ufetubus closely misses you. The ufetubus hits you.
The ufetubus misses you. x2
The ufetubus hits you.
* * * LOW HITPOINT WARNING * * *
The ufetubus hits you.
* * * LOW HITPOINT WARNING * * *
The ufetubus hits you.
You die...

.. . .. ...... .....
....... ....... ...
. ......##......##..
#. #.#.....##. #.#
## ..
#.#....###.....## ..
..#..#...#...##. #.
###.#.#..#.# .#.
#.##.#...#...#.###..
#..@55#.. .## #. #.#
#..#.##....# ## #
♣♣♣#..##..#.# #..
..#..##.#.. ...
♣#..### #.####.# ...
#.# # ###. .. #


You could see 2 ufetubi.

Vanquished Creatures (others)
  4 foxfires (Abyss:1)
4 creatures vanquished.

Notes
Turn   | Place    | Note
-------+----------+-------------------------------------------
     0 | Abyss:1  | donath the Octopode Abyssal Knight began the quest for the
                  | Orb.
     0 | Abyss:1  | Reached XP level 1. HP: 16/16 MP: 2/2
    29 | Abyss:1  | Noticed a large abomination
    33 | Abyss:1  | Noticed a ynoxinul
    40 | Abyss:1  | Noticed a will-o-the-wisp
    79 | Abyss:1  | Slain by an ufetubus

Illustrated notes

Levels and vault maps discovered:
Abyss:1:  base: Temple, guppyfry_abyss_exit_glass_guarded, base:
Temple

Action                   || total
-------------------------++-------
Dodge: Dodged            ||    15
